 Dungeon Crawl Stone Soup version 0.18.1-48-g4cf74bf (webtiles) character file.

1717 Inkary the Fighter (level 8, -9/74 HPs)
             Began as a Minotaur Gladiator on Aug 1, 2016.
             Was a Follower of Okawaru.
             Mangled by Joseph
             ... wielding a +0 quarterstaff
              (13 damage)
             ... on level 7 of the Dungeon.
             The game lasted 00:11:44 (5376 turns).

Inkary the Fighter (Minotaur Gladiator)             Turns: 5376, Time: 00:11:44

Health: -9/74      AC:  3    Str: 21    XL:     8   Next: 74%
Magic:  7/7        EV: 15    Int:  5    God:    Okawaru [*.....]
Gold:   328        SH:  0    Dex: 12    Spells: 0 memorised, 7 levels left

rFire  . . .     SeeInvis .     y - +1 scythe (slice)
rCold  . . .     Gourm    +     b - +0 leather armour
rNeg   . . .     Faith    .     (shield currently unavailable)
rPois  .         Spirit   .     c - +0 hat
rElec  .         Dismiss  .     (no cloak)
rCorr  .         Reflect  .     (no gloves)
SustAt .         Harm     .     (no boots)
MR     .....                    E - amulet of the gourmand
Stlth  +.........               (no ring)
                                v - ring of wizardry

@: very slightly contaminated, not resistant to hostile enchantments, very
unstealthy
A: retaliatory headbutt, horns 2
a: Heroism, Renounce Religion


You were on level 7 of the Dungeon.
You worshipped Okawaru.
Okawaru was aware of your devotion.
You were completely stuffed.

You visited 2 branches of the dungeon, and saw 8 of its levels.

You collected 328 gold pieces.

Inventory:

Hand Weapons
 a - a +0 quarterstaff
 y - a +1 scythe of slicing (weapon)
Armour
 b - a +0 leather armour (worn)
 c - a +0 hat (worn)
Jewellery
 v - a ring of wizardry (left hand)
 E - an amulet of the gourmand (around neck)
Wands
 o - a wand of polymorph (7/24)
 t - a wand of hasting (3/9)
 A - a wand of teleportation (3/9)
 B - a wand of slowing (20/48)
 H - a wand of flame (26/48)
Scrolls
 e - a scroll of amnesia {unknown}
 h - a scroll of noise {unknown}
 n - 3 scrolls of blinking {unknown}
 p - 6 scrolls of remove curse {unknown}
 q - 3 scrolls of teleportation {unknown}
 s - 2 scrolls of enchant armour {unknown}
 z - a scroll of magic mapping {unknown}
 D - a scroll of recharging {unknown}
 G - a scroll of random uselessness {unknown}
Potions
 l - 4 potions of degeneration
 u - 2 potions of agility
 w - 2 potions of cancellation
 x - a potion of cure mutation
 C - a potion of brilliance {unknown}
 I - a potion of mutation {unknown}
Comestibles
 f - 6 bread rations
 g - 3 fruits
 m - 2 beef jerkies
 r - 2 slices of pizza
 F - a royal jelly
 J - 4 chunks of flesh


   Skills:
 + Level 8.1 Fighting
 + Level 6.1(7.2) Polearms
 - Level 5.9(7.1) Staves
 - Level 2.0 Throwing
 + Level 7.7 Dodging


You had 7 spell levels left.
You didn't know any spells.

Dungeon Overview and Level Annotations

Branches:
Dungeon (7/15)             Temple (1/1) D:5

Altars:
Cheibriados
Dithmenos
Fedhas
Kikubaaqudgha
Okawaru
Qazlal
Yredelemnul

Annotations:
D:3 exclusion: oklob plant
D:6 FloraKitsune's ghost, novice OgHu
D:7 Joseph


Innate Abilities, Weirdness & Mutations

You reflexively headbutt those who attack you in melee.
You have a pair of horns on your head.


Message History

You barely miss Joseph. Your headbutt misses Joseph.
Joseph is moderately wounded.
Joseph barely misses you.
You hit Joseph. Your headbutt misses Joseph.
Joseph is moderately wounded.
Joseph hits you with an uncursed quarterstaff!
* * * LOW HITPOINT WARNING * * *
You are too injured to fight recklessly!
You are too injured to fight recklessly!
You are too injured to fight recklessly!
You slash Joseph!
Joseph is severely wounded.
Joseph hits you with an uncursed quarterstaff.
* * * LOW HITPOINT WARNING * * *
Joseph hits you with an uncursed quarterstaff!
* * * LOW HITPOINT WARNING * * *
You closely miss Joseph.
Joseph is severely wounded.
Joseph hits you with an uncursed quarterstaff!
You die...

##############
#.....(......#
#............#
#............#
#.....÷......#
#............#
#.(†@........#
#..@##.####+##
#..<##.####
#..†......#
#.........#
#.........#
#(........#
......
#.....@...#
.....
#.........#
.....


You could see Joseph.

Vanquished Creatures
  Prince Ribbit (D:7)
  Sigmund (D:3)
  A hippogriff (D:7)
  The ghost of atgrul the Conjurer, an amateur DrCj (D:3)
  An orc warrior (D:6)
  A phantom (D:3)
  A centaur (D:6)
  A big kobold (D:4)
  2 giant frogs (D:6)
  Blork the orc (D:5)
  A scorpion (D:7)
  A howler monkey (D:6)
  2 crimson imps (D:5)
  2 hounds (D:5)
  A giant frog skeleton (D:6)
  2 orc wizards
  Jessica (D:2)
  Ijyb (D:2)
  Natasha (D:2)
  A worker ant (D:4)
  4 adders
  2 shadow imps (D:5)
  2 oozes
  A worm (D:2)
  2 dart slugs
  5 giant geckos
  19 orcs
  A giant cockroach (D:3)
  16 goblins
  7 hobgoblins
  6 jackals
  3 quokkas
  A ball python (D:1)
  8 bats
  5 giant newts
  A goblin zombie (D:4)
  A jackal skeleton (D:4)
  12 kobolds
  A quokka zombie (D:5)
  7 rats
128 creatures vanquished.

Notes
Turn   | Place    | Note
--------------------------------------------------------------
     0 | D:1      | Inkary the Minotaur Gladiator began the quest for the Orb.
     0 | D:1      | Reached XP level 1. HP: 18/18 MP: 0/0
   171 | D:1      | Reached XP level 2. HP: 17/25 MP: 1/1
   306 | D:1      | Reached skill level 3 in Fighting
   388 | D:1      | Reached XP level 3. HP: 31/31 MP: 2/2
   823 | D:2      | Noticed Ijyb
   831 | D:2      | Killed Ijyb
   831 | D:2      | Reached XP level 4. HP: 38/38 MP: 3/3
   966 | D:2      | Noticed a water elemental
   969 | D:2      | Found a stormy altar of Qazlal.
   970 | D:2      | Noticed an air elemental
   970 | D:2      | Noticed a fire elemental
   970 | D:2      | Noticed an earth elemental
  1002 | D:2      | Noticed Natasha
  1006 | D:2      | Killed Natasha
  1084 | D:2      | Noticed Jessica
  1086 | D:2      | Killed Jessica
  1086 | D:2      | Reached skill level 4 in Fighting
  1156 | D:2      | Reached XP level 5. HP: 44/46 MP: 4/4
  1449 | D:3      | Found a blossoming altar of Fedhas.
  1477 | D:3      | Noticed an oklob plant
  1530 | D:3      | Found a faded altar to an unknown god.
  1564 | D:3      | Found a snail-covered altar of Cheibriados.
  1564 | D:3      | Noticed atgrul's ghost (amateur DrCj)
  1579 | D:3      | Killed atgrul's ghost
  1579 | D:3      | Reached skill level 5 in Staves
  1579 | D:3      | Reached skill level 5 in Dodging
  1579 | D:3      | Reached XP level 6. HP: 41/55 MP: 5/5
  1625 | D:3      | Reached skill level 5 in Fighting
  1742 | D:3      | Noticed Sigmund
  1753 | D:3      | Killed Sigmund
  2157 | D:3      | Reached skill level 1 in Polearms
  2157 | D:3      | Reached XP level 7. HP: 34/62 MP: 6/6
  2632 | D:4      | Reached skill level 6 in Fighting
  2707 | D:4      | Found a runed door.
  2709 | D:4      | Noticed a human
  2715 | D:4      | Found a basalt altar of Yredelemnul.
  2905 | D:5      | Entered Level 5 of the Dungeon
  2983 | D:5      | Found a staircase to the Ecumenical Temple.
  3007 | Temple   | Entered the Ecumenical Temple
  3014 | Temple   | Became a worshipper of Warmaster Okawaru
  3420 | D:5      | Noticed Blork the orc
  3459 | D:5      | Killed Blork the orc
  3798 | D:6      | Reached XP level 8. HP: 68/71 MP: 7/7
  3812 | D:6      | Noticed FloraKitsune's ghost (novice OgHu)
  4275 | D:6      | HP: 3/71 [FloraKitsune's ghost (15)]
  4639 | D:5      | Reached skill level 7 in Fighting
  5090 | D:6      | Reached skill level 5 in Polearms
  5266 | D:7      | Noticed Prince Ribbit
  5272 | D:7      | Reached * piety under Okawaru
  5282 | D:7      | Killed Prince Ribbit
  5315 | D:7      | Noticed Joseph
  5348 | D:7      | Reached skill level 8 in Fighting
  5376 | D:7      | Mangled by Joseph

Skill      XL: |  1  2  3  4  5  6  7  8 |
---------------+-------------------------+-----
Fighting       | 3 4 5 6 8 |  8.1
Staves         | 4 5 |  5.9
Dodging        | 4 5 6 7 |  7.7
Polearms       | 1 4 6 |  6.1
Throwing       | |  2.0

Action                   |  1- 3 |  4- 6 |  7- 9 || total
-------------------------+-------+-------+-------++-------
Melee: Quarterstaff      |    55 |    71 |       ||   126
       Headbutt          |    11 |    14 |    22 ||    47
       Unarmed           |     4 |       |       ||     4
       Scythe            |       |    33 |   137 ||   170
Throw: Throwing net      |       |     1 |     5 ||     6
Evoke: Wand              |       |       |     1 ||     1
  Use: Potion            |       |     1 |     8 ||     9
       Scroll            |       |       |     9 ||     9
 Stab: Sleeping          |       |     1 |       ||     1
  Eat: Chunk             |       |     4 |    19 ||    23
Armor: Leather armour    |    13 |    24 |    22 ||    59
       Robe              |       |    10 |       ||    10
Dodge: Dodged            |    35 |    93 |   141 ||   269
